 Dungeon Crawl Stone Soup version 5.6-49-g8abd877 (webtiles) character file.

75 rednecknazgul the Changer (level 12, -7/101 HPs) *CASUAL*
             Began as a Gnoll Transmuter on Dec 1, 2018.
             Was a High Priest of Jiyva.
             Mangled by a sun demon (14 damage)
             ... on level 11 of the Dungeon.
             The game lasted 00:10:23 (7833 turns).

rednecknazgul the Changer (Gnoll Transmuter)        Turns: 7833, Time: 00:10:23

Health: -7/101     AC: 17 (28%)Str: 14  XL:     12   Next: 86%
Magic:  13/13      EV: 16    Int: 15    God:    Jiyva [5*[145]]
Gold:   704        SH:  0    Dex: 18    Spells: 11/20 levels left

rFire    . . .     SeeInvis .     - Unarmed
rCold    . . .     Faith    .   (shield currently unavailable)
rNeg     . . .     Spirit   .   C - +3 scale mail
rPois    .         Reflect  .   u - +0 helmet
rElec    +                      f - +0 cloak
rCorr    +                      (gloves currently unavailable)
MR       .....                  k - +0 pair of boots
Stlth    ++++......             (no amulet)
Regen    0.3/turn               a - ring of wizardry
MPRegen  0.2/turn               x - +3 ring of protection

@: blade hands
A: agile, robust 1, electricity resistance, translucent skin, evolution, jelly
absorbing missiles, draining bite
a: End Transformation, Slimify, Cure Bad Mutation, Renounce Religion


You were on level 11 of the Dungeon.
You worshipped Jiyva.
Jiyva was extremely pleased with you.
You were not hungry.
You had blades for hands.
You visited 1 branch of the dungeon, and saw 11 of its levels.
You also visited: Ossuary.

You collected 704 gold pieces.

Inventory:

Armour
 f - a +0 cloak (worn)
 k - a +0 pair of boots (worn)
 s - a +3 chain mail of poison resistance
 u - a +0 helmet (worn)
 C - a +3 scale mail (worn)
Jewellery
 a - a ring of wizardry (left scythe-like blade)
 i - an uncursed ring of protection from magic
 t - an uncursed ring of fire
 x - a +3 ring of protection (right scythe-like blade)
Wands
 r - a wand of iceblast (17)
 w - a wand of enslavement (5)
 y - a wand of digging (5)
 E - a wand of confusion (11)
Scrolls
 g - a scroll of magic mapping
 j - 14 scrolls of teleportation
 m - 5 scrolls of enchant weapon
 n - 2 scrolls of enchant armour
 v - a scroll of silence
 z - a scroll of summoning
 B - 3 scrolls of blinking
 D - a scroll of amnesia
Potions
 b - a potion of cancellation
 c - 3 potions of flight
 d - 6 potions of resistance
 e - 6 potions of lignification
 h - 2 potions of mutation
 l - 4 potions of augmentation
 o - a potion of berserk rage
 p - 2 potions of ambrosia
 q - 4 potions of magic
 A - 2 potions of heal wounds
 F - a potion of invisibility


   Skills:
 + Level 8.0 Fighting
 + Level 6.5 Blades
 + Level 6.5 Axes
 + Level 6.5 Maces & Staves
 + Level 6.5 Polearms
 + Level 6.5 Bows & Xbows
 + Level 6.5 Throwing
 + Level 6.5 Armour
 + Level 9.5 Dodging
 + Level 6.5 Stealth
 + Level 6.5 Shields
 + Level 10.9 Unarmed Combat
 + Level 6.5 Hexes
 + Level 6.5 Charms
 + Level 6.5 Summonings
 + Level 6.5 Necromancy
 + Level 6.5 Translocations
 + Level 10.9 Transmutations
 + Level 6.5 Fire Magic
 + Level 6.5 Ice Magic
 + Level 6.5 Air Magic
 + Level 6.5 Earth Magic
 + Level 6.5 Invocations
 + Level 6.5 Evocations


You had 11 spell levels left.
You knew the following spells:

 Your Spells              Type           Power        Failure   Level  Hunger
a - Beastly Appendage     Tmut           32 (50)      1%          1    N/A
b - Spider Form           Tmut           32 (200)     1%          3    N/A
c - Blade Hands           Tmut           32 (200)     13%         5    N/A

Your spell library contained the following spells:

 Spells                   Type           Power        Failure   Level  Hunger
 Confuse                  Hex            19 (100)     9%          3    N/A
 Iron Shot                Erth           19 (200)     98%         6    N/A
 Statue Form              Tmut/Erth      26 (150)     83%         6    N/A
 Ice Form                 Ice/Tmut       26 (100)     12%         4    N/A
 Confusing Touch          Hex            19 (50)      2%          1    N/A
 Passwall                 Tmut/Erth      26 (200)     1%          2    N/A
 Metabolic Englaciation   Hex/Ice        19 (200)     56%         5    N/A
 Shatter                  Erth           19 (200)     100%        9    N/A
 Petrify                  Tmut/Erth      26 (100)     12%         4    N/A
 Orb of Destruction       Erth           19 (200)     100%        7    N/A
 Leda's Liquefaction      Hex/Erth       19 (200)     26%         4    N/A
 Yara's Violent Unravell  Hex/Tmut       26 (200)     30%         5    N/A

Dungeon Overview and Level Annotations

Branches:
Dungeon (11/15)            Bazaar (0/1) D:11

Altars:
Cheibriados
Dithmenos
Elyvilon
Gozag
Jiyva
Kikubaaqudgha
Lugonu
Makhleb
Nemelex Xobeh
Okawaru
Qazlal
Ru
Sif Muna
Trog
Uskayaw
Vehumet
Wu Jian
Xom
Yredelemnul
Zin
The Shining One


Innate Abilities, Weirdness & Mutations

You are agile. (Dex +5)
You are robust. (+10% HP)
You are resistant to electric shocks. (rElec)
Your translucent skin slightly reduces your foes' accuracy. (Stealth)
You evolve.
You have a small jelly attached to you that may absorb incoming projectiles.
Your bite drains your enemies.


Message History

The +0 troll leather armour is intact enough to wear.
You shred the wyvern (48)!!!
You kill the wyvern!
You see here a +0 troll leather armour.
The sun demon hits you (21)!!
You are engulfed in flames (17)!
The sun demon hits you (5).
You are engulfed in flames (18)!!
The orange demon misses you.
Unknown command.
You see here a +0 troll leather armour.
The sun demon misses you.
You slice the sun demon (31)!!
The sun demon is heavily wounded.
The sun demon hits you (16)!
* * * LOW HITPOINT WARNING * * *
You are engulfed in flames (18)!!
* * * LOW HITPOINT WARNING * * *
You hit the sun demon (5). Your bite misses the sun demon.
The sun demon is severely wounded.
The orange demon completely misses you. The sun demon hits you (14)!
You die...

... ## .##. ..##..# ..... .......
.... ..... # .. ##..# ##..## .#..
##...[####....### ...
.........44....$.. ##..
##PP.#3###...... ..# ###.@##
###### #.# ### #..# ###
###.#####P.####.### #.###
..................####.P#
.P..#.#..###............#
..P.###..'∩#......>.P.P.##
..#..###.###.............#
.........P.........#.P#.## ######
.#####...................###.##.#


You could see a sun demon and 2 orange demons.

Vanquished Creatures
  A two-headed ogre (D:8)
  An orc high priest (D:11)
  2 unseen horrors
  Pikel (D:8)
  A manticore (D:11)
  Joseph (D:7)
  A spiny frog (D:11)
  2 trolls (D:11)
  Grinder (D:5)
  2 wyverns
  A wraith (D:10)
  A black mamba skeleton (D:9)
  An angry ghost (D:11)
  2 wargs (D:11)
  2 water moccasins
  An acid dragon (D:11)
  A spiny frog zombie (D:8)
  Duvessa (D:7)
  A black bear (D:10)
  2 ice beasts
  5 orc warriors
  A spiny frog skeleton (D:10)
  A wasp (D:8)
  A slave (D:8)
  5 ogres
  A phantom (D:10)
  4 centaurs
  An elf zombie (Ossuary)
  3 bullfrogs
  A wyvern zombie (D:5)
  Dowan (D:7)
  2 wyvern skeletons
  3 scorpions
  2 crimson imps
  5 killer bees (D:10)
  7 wights
  A howler monkey (D:6)
  4 centaur zombies
  4 orc priests
  A bullfrog zombie (D:6)
  4 centaur skeletons
  2 hounds
  4 jellies
  6 worker ants
  Natasha (thrice) (D:3)
  13 orc wizards
  A killer bee zombie (D:7)
  3 iguanas
  A big kobold zombie (Ossuary)
  2 hound zombies (Ossuary)
  2 hound skeletons
  3 mummies (Ossuary)
  5 adders
  A shadow imp (D:6)
  2 adder zombies (Ossuary)
  2 dart slugs
  23 orcs
  6 quokkas
  7 bats
  6 giant cockroaches
  6 goblins
  7 hobgoblins
  6 jackals
  7 kobolds
  5 frilled lizards
  4 gnoll zombies (Ossuary)
  5 goblin zombies (Ossuary)
  5 hobgoblin zombies (Ossuary)
  3 jackal zombies (Ossuary)
  4 kobold zombies (Ossuary)
  2 orc zombies (Ossuary)
  A quokka zombie (Ossuary)
  9 rats
  4 rat zombies (Ossuary)
243 creatures vanquished.

Vanquished Creatures (others)
  A bullfrog (D:8)
1 creature vanquished.

Grand Total: 244 creatures vanquished

Notes
Turn   | Place    | Note
-------+----------+-------------------------------------------
     0 | D:1      | rednecknazgul the Gnoll Transmuter began the quest for the Orb.
     0 | D:1      | Reached XP level 1. HP: 17/17 MP: 2/2
    50 | D:1      | Reached XP level 2. HP: 19/23 MP: 3/3
   191 | D:1      | Reached XP level 3. HP: 26/29 MP: 5/5
   193 | D:1      | Learned a level 3 spell: Spider Form
   393 | D:2      | Found a sacrificial altar of Ru.
   398 | D:2      | Reached XP level 4. HP: 37/37 MP: 4/4
   407 | D:2      | Found a white marble altar of Elyvilon.
   549 | D:2      | Found a stormy altar of Qazlal.
   550 | D:2      | Noticed a water elemental
   551 | D:2      | Noticed an air elemental
   554 | D:2      | Noticed a fire elemental
   554 | D:2      | Noticed an earth elemental
   633 | D:2      | Found a shadowy altar of Dithmenos.
   915 | D:2      | Found a snail-covered altar of Cheibriados.
  1261 | D:3      | Reached XP level 5. HP: 43/43 MP: 5/5
  1263 | D:3      | Learned a level 5 spell: Blade Hands
  1305 | D:3      | Noticed Natasha
  1315 | D:3      | Killed Natasha
  1318 | D:3      | Found a glowing golden altar of the Shining One.
  1323 | D:3      | Reached XP level 6. HP: 50/50 MP: 7/7
  1509 | D:3      | Noticed Natasha
  1524 | D:3      | Killed Natasha
  1524 | D:3      | Reached XP level 7. HP: 47/56 MP: 8/8
  1566 | D:3      | Found an ancient bone altar of Kikubaaqudgha.
  1632 | D:3      | Noticed Natasha
  1638 | D:3      | Killed Natasha
  1663 | D:3      | Found an opulent altar of Gozag.
  1740 | D:4      | Found an ornate altar of the Wu Jian Council.
  1894 | D:4      | Found a corrupted altar of Lugonu.
  2004 | D:4      | Found a shimmering altar of Xom.
  2310 | D:5      | Entered Level 5 of the Dungeon
  2318 | D:5      | Found a viscous altar of Jiyva.
  2324 | D:5      | Became a worshipper of Jiyva Jufakhu the Shapeless
  2391 | D:5      | Reached XP level 8. HP: 58/64 MP: 5/5
  2443 | D:5      | Found a basalt altar of Yredelemnul.
  2579 | D:5      | Reached * piety under Jiyva
  2620 | D:5      | Noticed Grinder
  2628 | D:5      | Killed Grinder
  2628 | D:5      | Reached XP level 9. HP: 67/71 MP: 6/6
  2649 | D:5      | Gained mutation: You have a pair of small antennae on your head. [Jiyva's grace]
  2835 | D:6      | Found a hide-covered altar of Uskayaw.
  2835 | D:6      | Found a burning altar of Makhleb.
  2974 | D:6      | Found a bloodstained altar of Trog.
  3280 | D:7      | Reached XP level 10. HP: 76/77 MP: 8/8
  3283 | D:7      | Found a glowing silver altar of Zin.
  3319 | D:7      | Reached ** piety under Jiyva
  3324 | D:7      | Found a radiant altar of Vehumet.
  3335 | D:7      | Lost mutation: You have a pair of small antennae on your head. [potion of mutation]
  3335 | D:7      | Gained mutation: You evolve. [potion of mutation]
  3335 | D:7      | Gained mutation: Your bite drains your enemies. [potion of mutation]
  3493 | D:7      | Found a sparkling altar of Nemelex Xobeh.
  3567 | D:7      | Noticed Joseph
  3576 | D:7      | Killed Joseph
  3580 | D:7      | Found an iron altar of Okawaru.
  3833 | D:7      | Gained mutation: You are resistant to electric shocks. (rElec) [Jiyva's grace]
  3941 | D:7      | Found a deep blue altar of Sif Muna.
  4026 | D:7      | Noticed Duvessa
  4027 | D:7      | Noticed Dowan
  4037 | D:7      | Killed Duvessa
  4043 | D:7      | Killed Dowan
  4298 | D:8      | Reached XP level 11. HP: 82/84 MP: 9/9
  4372 | D:8      | Noticed a two-headed ogre
  4382 | D:8      | Killed a two-headed ogre
  4393 | D:8      | Noticed Pikel
  4401 | D:8      | Noticed an unseen horror
  4406 | D:8      | Killed an unseen horror
  4423 | D:8      | Killed Pikel
  4496 | D:8      | Reached *** piety under Jiyva
  4527 | D:8      | Found a sand-covered staircase.
  4532 | Ossuary  | Entered an ossuary
  4896 | D:8      | Gained mutation: You have a small jelly attached to you that may absorb incoming projectiles. [Jiyva's grace]
  5460 | D:9      | Reached **** piety under Jiyva
  5856 | D:9      | Gained mutation: Your translucent skin slightly reduces your foes' accuracy. (Stealth) [Jiyva's grace]
  6391 | D:10     | Entered Level 10 of the Dungeon
  6424 | D:10     | Reached XP level 12. HP: 71/92 MP: 12/12
  6648 | D:10     | Reached ***** piety under Jiyva
  6805 | D:10     | Gained mutation: You are robust. (+10% HP) [evolution]
  6966 | D:10     | Gained mutation: You are agile. (Dex +5) [Jiyva's grace]
  7252 | D:11     | Noticed an orc high priest
  7265 | D:11     | Killed an orc high priest
  7667 | D:11     | Found a gateway to a bazaar.
  7823 | D:11     | Noticed a sun demon
  7824 | D:11     | Noticed a sun demon
  7833 | D:11     | Mangled by a sun demon

Action                   |  1- 3 |  4- 6 |  7- 9 | 10-12 || total
-------------------------+-------+-------+-------+-------++-------
Melee: Unarmed           |    49 |    77 |   110 |   403 ||   639
       Punch             |       |       |     1 |     8 ||     9
       Bite              |       |       |       |    49 ||    49
 Cast: Spider Form       |     1 |       |       |       ||     1
       Blade Hands       |       |       |     1 |     3 ||     4
 Abil: End Transformatio |       |       |     1 |       ||     1
  Use: Potion            |       |       |       |     1 ||     1
       Scroll            |       |       |       |     1 ||     1
 Stab: Sleeping          |     1 |     9 |     8 |    14 ||    32
Armor: Robe              |     2 |       |     1 |       ||     3
       Skin              |     1 |     1 |     2 |       ||     4
       Leather armour    |       |       |     3 |     6 ||     9
       Ring mail         |       |       |       |     8 ||     8
       Chain mail        |       |       |       |    97 ||    97
       Scale mail        |       |       |       |    58 ||    58
Dodge: Dodged            |    24 |    54 |    62 |   283 ||   423
